Unix NetHack Version 5.0.0-0 post-release - last build Jun 10 2026 00:39:30 (3ee93aec679c4c4259841fe613dc97188e26a321,branch:main).

Game began 2026-06-10 17:28:01, ended 2026-06-10 17:49:33.

DiePARTEI, neutral male human Tourist

                                                        --...
                                                       --....---
                                                       |.G..)%).|
                                                       .--.G.)..-
                                                            ..|).
                                                              |..
                                                              |)...
                                                              |.........
                                                               ---.....--
                                                                 -.|....|.
                                                                      -.....|
                                                                       --..<|
                                                                        -----
DiePARTEI the Sightseer     St:14 Dx:10 Co:15 In:12 Wi:14 Ch:13  Neutral
Dlvl:7  $:267 HP:0(42) Pw:19(19) AC:1  Xp:4 T:2344  Burdened

Latest messages:
 The dwarf swings his pick-axe.
 The dwarf hits!
 In what direction? 4
 You kill the dwarf!
 There are several objects here.
 You have a little trouble lifting 7 +2 darts.  Continue? [ynq] (q) y
 You have a little trouble lifting a - 7 +2 darts (at the ready) (31 in total).
 J - a pick-axe.
 Your movements are slowed slightly because of your load.
 You hear bubbling water.
 You are hit by a dagger.
 What do you want to wear? [C or ?*] ?
 You finish your dressing maneuver.
 The gnome misses!
 You hit the gnome.
 The gnome hits!
 The gnome misses!
 You hit the gnome.
 The gnome misses!
 You miss the gnome.
 You miss the gnome.
 The gnome hits!
 You miss the gnome.
 You miss the gnome.
 The gnome hits!
 You hit the gnome.
 You hear a door open.
 In what direction? 1
 The dart misses the gnome.
 The gnome misses!
 In what direction? 1
 You kill the gnome!
 You see here 2 +2 darts.
 The air crackles around the gnomish wizard.
 The gnomish wizard points at you, then curses.
 You have a little trouble lifting a - 2 +2 darts (at the ready) (31 in total).
 The gnomish wizard points at you, then curses.
 You are carrying too much to get through.
 The gnomish wizard points at you, then curses.
 The gnomish wizard points at you, then curses.
 The gnome hits!
 You hit the gnome.
 The gnomish wizard casts a spell at you!
 Your brain is on fire!
 You die...
 Do you want your possessions identified? [ynq] (y) y
 Do you want to see your attributes? [ynq] (y) y
 Do you want an account of creatures vanquished? [ynaq] (y) y
 Do you want to see your conduct and achievements? [ynq] (y) y
 Do you want to see the dungeon overview? [ynq] (y) y

Inventory:
 Coins    ('$')
  $ - 267 gold pieces
 Weapons  (')')
  V - a +0 sling
  n - a cursed -1 sling
  a - 31 +2 darts (at the ready)
  v - a +0 orcish dagger
  F - a +0 dwarvish mattock
  A - a +0 war hammer
 Armor    ('[')
  C - a blessed +2 dwarvish iron helm (being worn)
  P - a cursed -1 pair of leather gloves (being worn)
  H - a cursed -1 pair of elven boots (being worn)
  D - an uncursed +0 pair of iron shoes
  s - an uncursed +0 shield of drain resistance (being worn)
  y - a cursed +0 cloak of invisibility (being worn)
  j - a blessed +0 Hawaiian shirt with a tropical fish motif (being worn)
  Q - an uncursed +0 studded leather armor (being worn)
 Comestibles  ('%')
  d - 2 uncursed slime molds
  b - 2 uncursed cream pies
  g - 3 uncursed food rations
  U - an uncursed lembas wafer
  e - an uncursed orange
  X - an uncursed sprig of wolfsbane
  c - 3 uncursed tripe rations
  f - an uncursed egg
 Scrolls  ('?')
  t - 2 uncursed scrolls of confuse monster
  o - a blessed scroll of create monster
  p - a blessed scroll of enchant weapon
  q - a cursed scroll of light
  u - an uncursed scroll of remove curse
  B - an uncursed scroll of taming
  Y - an uncursed scroll of teleportation
 Rings    ('=')
  z - a cursed -3 ring of gain constitution
 Wands    ('/')
  m - a wand of make invisible (0:7)
 Tools    ('(')
  l - an uncursed credit card
  k - an expensive camera (0:87)
  J - a +0 pick-axe
 Gems/Stones  ('*')
  x - an uncursed aquamarine stone
  I - an uncursed jasper stone
  W - an uncursed worthless piece of black glass
  E - 4 uncursed worthless pieces of green glass
  G - an uncursed worthless piece of red glass

DiePARTEI the Tourist's attributes:

Background:
 You were a Sightseer, a level 4 male human Tourist.
 You were neutral, nominally on a mission for The Lady
 who was opposed by Blind Io (lawful) and Offler (chaotic).
 You were right-handed.
 You were in the Gnomish Mines, on level 7.
 You entered the dungeon 2344 turns ago.
 You had 142 experience points, 18 more were needed to attain level 5.

Basics:
 You had 0 out of 42 hit points.
 You had all 19 energy points (spell power).
 Your armor class was 1.
 Your wallet contained 267 zorkmids.
 Autopickup was off.

Final Characteristics:
 Your strength was 14 (limit:18/100).
 Your dexterity was 10 (limit:18).
 Your constitution was 15 (limit:18).
 Your intelligence was 12 (limit:18).
 Your wisdom was 14 (limit:18).
 Your charisma was 13 (limit:18).

Final Status:
 You weren't hungry.
 You were burdened; movement was slightly slowed.
 You were empty handed.
 You were unskilled in bare handed combat.

Final Attributes:
 You were piously aligned.
 You were level-drain resistant.
 You were invisible.
 You were stealthy.
 You were warded.
 You are dead.

Miscellaneous:
 You didn't encounter any bones levels.
 Total elapsed playing time was 21 minutes and 30 seconds.

Major events:
 Turn
    1: DiePARTEI the neutral male human Tourist entered the dungeon
 2043: entered the Gnomish Mines
 2043: attained the rank of Sightseer (level 3)
 2246: reached Mine Town
 2344: killed by a gnomish wizard

You didn't know any spells.

Skills:
 Fighting Skills
   bare handed combat [Unskilled]
   two weapon combat  [Unskilled]
   riding             [Unskilled]
 Weapon Skills
   dagger             [Unskilled]
   knife              [Unskilled]
   axe                [Unskilled]
   pick-axe           [Unskilled]
   short sword        [Unskilled]
   broadsword         [Unskilled]
   long sword         [Unskilled]
   two-handed sword   [Unskilled]
   saber              [Unskilled]
   mace               [Unskilled]
   morning star       [Unskilled]
   flail              [Unskilled]
   hammer             [Unskilled]
   quarterstaff       [Unskilled]
   polearms           [Unskilled]
   spear              [Unskilled]
   trident            [Unskilled]
   lance              [Unskilled]
   bow                [Unskilled]
   sling              [Unskilled]
   crossbow           [Unskilled]
   dart               [Basic]
   shuriken           [Unskilled]
   boomerang          [Unskilled]
   whip               [Unskilled]
   unicorn horn       [Unskilled]
 Spellcasting Skills
   divination spells  [Unskilled]
   enchantment spells [Unskilled]
   escape spells      [Unskilled]

Voluntary challenges:
 Character rerolling was not enabled.
 You were an atheist.
 You never hit with a wielded weapon.
 You never genocided any monsters.
 You never polymorphed an object.
 You never changed form.
 You used no wishes.
Achievements:
 You entered a shop.
 You entered the Gnomish Mines.
 You attained the rank of Sightseer.
 You entered Minetown.

 The Dungeons of Doom: levels 1 to 6
    Level 1:
       A fountain.
    Level 2:
       A general store, some fountains.
    Level 3:
       An armor shop.
    Level 4:
       Stairs down to The Gnomish Mines.
    Level 5:
       Some fountains.
    Level 6:
 The Gnomish Mines: levels 5 to 7
    Level 5:
    Level 6:
    Level 7: <- You were here.
       Final resting place for
          you, killed by a gnomish wizard.


Vanquished creatures:
  4 gnome leaders
  a floating eye
  4 dwarves
  2 homunculi
  4 iguanas
  a hobbit
  a giant rat
  a yellow mold
  a green mold
 12 gnomes
  a gnome zombie
  a jackal
  a fox
  2 kobolds
  a sewer rat
  3 grid bugs
  a bat
  4 lichens
  a kobold zombie
  5 newts
51 creatures vanquished.

No species were genocided or became extinct.

Game over:
                       ----------
                      /          \
                     /    REST    \
                    /      IN      \
                   /     PEACE      \
                  /                  \
                  |    DiePARTEI     |
                  |      267 Au      |
                  |   killed by a    |
                  |  gnomish wizard  |
                  |                  |
                  |                  |
                  |       2026       |
                 *|     *  *  *      | *
        _________)/\\_//(\/(/\)/\//\/|_)_______

Aloha DiePARTEI the Tourist...

You died in The Gnomish Mines on dungeon level 7 with 918 points,
and 267 pieces of gold, after 2344 moves.
You were level 4 with a maximum of 42 hit points when you died.

